 Dungeon Crawl Stone Soup version 0.29.1-15-g9cfb28693d (webtiles) character file.

Game seed: 4550608667858363887

37067 venomsnake the Warrior (level 13, -1/134 HPs)
             Began as a Minotaur Berserker on Mar 24, 2023.
             Was a High Priest of Trog.
             Slain by a cane toad (15 damage)
             ... on level 4 of the Lair of Beasts.
             The game lasted 00:57:02 (22785 turns).

venomsnake the Warrior (Minotaur Berserker)        Turns: 22785, Time: 00:57:02

Health: -1/134     AC: 17    Str: 27    XL:     13   Next: 56%
Magic:  12/12      EV: 13    Int:  4    God:    Trog [*****.]
Gold:   1698       SH:  0    Dex: 12    Spells: 12/12 levels left

rFire   . . .      SeeInvis .   H - +12 glaive of Prune {vorpal}
rCold   . . .      Faith    .   (shield currently unavailable)
rNeg    . . .      Spirit   .   t - +0 chain mail
rPois   .          Reflect  .   (helmet restricted)
rElec   .          Harm     .   b - +0 cloak
rCorr   .          Rampage  .   (no gloves)
Will    .....                   m - +2 pair of boots
Stlth   ..........              (no amulet)
HPRegen 0.32/turn               Q - ring of ice
MPRegen 0.13/turn               M - ring "Gutumel" {Fire Dex+2}

@: no status effects
A: horns 2, retaliatory headbutt
a: Renounce Religion, Berserk, Trog's Hand, Brothers in Arms


You were on level 4 of the Lair of Beasts.
You worshipped Trog.
Trog was extremely pleased with you.
You visited 2 branches of the dungeon, and saw 15 of its levels.
You also visited: Sewer and Bailey.

You collected 1818 gold pieces.
You spent 120 gold pieces at shops.

Inventory:

Hand Weapons
 H - the +12 glaive of Prune (weapon) {vorpal}
   (You found it in a bailey)

   It inflicts extra damage upon your enemies.
   It halves damage taken while paralysed, petrified or unconscious.
 R - a +2 bardiche of flaming
Missiles
 g - 48 poisoned darts (quivered)
 r - 176 stones
 S - 2 throwing nets
Armour
 b - a +0 cloak (worn)
 m - a +2 pair of boots (worn)
 t - a +0 chain mail (worn)
Jewellery
 n - a +6 ring of strength
 u - a ring of willpower
 J - a ring of flight
 M - the ring "Gutumel" (right hand) {Fire Dex+2}
   (You found it on level 10 of the Dungeon)

   [ring of fire]

   It enhances your fire magic.
   Dex:       It affects your dexterity (+2).
   rF:        It protects you from fire.
   rC:        It makes you vulnerable to cold.
 Q - a ring of ice (left hand)
 Z - a +6 ring of dexterity
Wands
 v - a wand of iceblast (6)
 A - a wand of flame (15)
 G - a wand of paralysis (4)
 U - a wand of mindburst (10)
 V - a wand of polymorph (1)
 W - a wand of acid (3)
Scrolls
 d - 2 scrolls of fear {unknown}
 e - a scroll of silence {unknown}
 f - 4 scrolls of amnesia
 i - 3 scrolls of acquirement {unknown}
 j - 4 scrolls of noise
 k - 2 scrolls of vulnerability
 l - 7 scrolls of teleportation
 s - a scroll of torment {unknown}
 y - 4 scrolls of magic mapping
 E - 3 scrolls of butterflies
 I - 3 scrolls of enchant armour {unknown}
 K - 4 scrolls of identify
 L - a scroll of immolation {unknown}
 N - 2 scrolls of brand weapon {unknown}
 O - 3 scrolls of poison {unknown}
 X - a scroll of blinking {unknown}
Potions
 a - 3 potions of flight {unknown}
 c - a potion of ambrosia
 h - a potion of resistance {unknown}
 o - 6 potions of haste
 p - a potion of cancellation {unknown}
 q - 3 potions of lignification {unknown}
 w - 7 potions of curing
 x - 2 potions of invisibility {unknown}
 z - 4 potions of attraction
 B - a potion of experience
 C - 2 potions of brilliance {unknown}
 D - 2 potions of berserk rage
 F - 2 potions of might {unknown}
 P - 2 potions of mutation {unknown}
 T - a potion of heal wounds
Miscellaneous
 Y - a tin of tremorstones (2/2)


   Skills:
 * Level 18.0 Fighting
 + Level 12.8 Polearms
 + Level 13.0 Armour
 + Level 12.0 Dodging


You had 12 spell levels left.
You didn't know any spells.
Your spell library was empty.

Dungeon Overview and Level Annotations

Branches:
Dungeon (11/15)            Temple (0/1) D:4            Lair (4/5) D:10
 Shoals (0/4) Lair:2       Spider (0/4) Lair:3          Orc (0/2) D:9
  Sewer (visited)          Bailey (visited)
  Slime: Lair:4-5

Altars:
Elyvilon
Fedhas
Kikubaaqudgha
Nemelex Xobeh
Okawaru
Qazlal
Sif Muna
Trog
The Shining One

Shops:
D:7 ?   D:9 [

Annotations:
D:3 1 runed translucent door, Crazy Yiuf
Lair:1 exclusion: oklob plant
Lair:2 3 runed translucent doors, Lysca's ghost, journeyman FoSu; OhDinosaurWizard's ghost, journeyman FoFi; PhantomBowie's ghost, adept GrBe
Lair:3 exclusion: oklob plant


Innate Abilities, Weirdness & Mutations

You have a pair of horns on your head.
You reflexively headbutt those who attack you in melee.


Message History

The blink frog blinks!
You see here a blink frog corpse.
You barely miss the blink frog. You headbutt the blink frog.
The blink frog is lightly wounded.
The blink frog misses you. You furiously retaliate!
You headbutt the blink frog.
The blink frog hits you but does no damage.
You hit the blink frog.
The blink frog is heavily wounded.
The blink frog hits you.
* * * LOW HITPOINT WARNING * * *
The blink frog blinks!
You miss the blink frog. Your headbutt misses the blink frog.
The blink frog is heavily wounded.
The blink frog hits you but does no damage.
The blink frog hits you!
* * * LOW HITPOINT WARNING * * *
The blink frog blinks!
The blink frog closely misses you.
You open the blink frog like a pillowcase!!!
You kill the blink frog!
Trog accepts your kill.
You start resting.
A cane toad is nearby!
The cane toad gives a loud, deep croak!
You are too injured to fight recklessly!
You are too injured to fight recklessly!
You are too injured to fight recklessly!
You are too injured to fight recklessly!
You are too injured to fight recklessly!
The cane toad barely misses you.
You slash the cane toad!
The cane toad is moderately wounded.
The cane toad barely misses you.
You hit the cane toad.
The cane toad is heavily wounded.
The cane toad stings you!
* * * LOW HITPOINT WARNING * * *
The cane toad stings you!
You die...

.....P .... ... ##.....##..#
P... . .........#$.###....
##.#.#................
...##.................
......................
........$.............
....$.......................
...........@................
.##....F............F..
##.....####..#....:..
#.†...## .##.....# # #.....#
####.##....##P# ##....#
#...##†Y....... #....# ....#
#FFY.# #....# #.P..##....# .
#....###...P#.....##..


You could see a cane toad.

Vanquished Creatures
  Harold (D:11)
  3 boulder beetles
  5 hydras
  2 centaur warriors (D:10)
  4 two-headed ogres
  Pikel (D:6)
  A deep elf pyromancer (D:10)
  An orc knight (D:10)
  A wolf spider (D:10)
  An orc sorcerer (D:10)
  A manticore (D:11)
  An ugly thing (D:11)
  2 cyclopes
  2 black mambas (Lair:3)
  6 cane toads
  3 kobold demonologists (D:10)
  A rime drake (Lair:4)
  An unseen horror (D:11)
  An efreet (D:10)
  Psyche (D:9)
  3 komodo dragons
  3 trolls
  2 hornets
  Grinder (D:5)
  Prince Ribbit (D:5)
  A snapping turtle (Lair:2)
  9 blink frogs
  3 shadows
  3 culicivoras (Lair:3)
  4 wyverns
  2 wraiths (D:10)
  16 yaks
  A fire elemental (Lair:3)
  A vampire (D:9)
  A basilisk (Lair:2)
  A vampire mosquito (D:10)
  2 steam dragons (D:8)
  3 acid dragons
  2 water moccasins
  An ice beast (D:7)
  22 orc warriors
  A black bear (D:8)
  2 ogres
  8 wolves (Lair:3)
  14 centaurs
  2 lemures (D:6)
  11 kobold brigands
  14 bullfrogs
  A necrophage (D:6)
  A gnoll sergeant (D:9)
  2 scorpions
  9 wights
  4 killer bees
  2 electric eels
  7 howler monkeys
  3 quasits (D:7)
  6 hounds
  5 orc priests
  2 iguanas
  4 orc wizards
  Robin (D:2)
  17 adders
  14 gnolls
  5 shadow imps
  3 white imps (D:7)
  3 ufetubi
  A worm (D:2)
  3 dart slugs
  61 orcs
  7 bats
  6 endoplasms
  8 giant cockroaches
  18 goblins
  7 hobgoblins
  A jackal (D:2)
  52 kobolds
  6 quokkas
  11 ball pythons
  3 frilled lizards
  7 rats
453 creatures vanquished.

Vanquished Creatures (collateral kills)
  A fire dragon (D:10)
  A hydra (Lair:3)
  Nergalle (Lair:3)
  A black mamba (Lair:3)
  A tengu conjurer (D:10)
  A culicivora (Lair:3)
6 creatures vanquished.

Vanquished Creatures (others)
  A wolf (Lair:3)
  63 fungi
  149 plants
213 creatures vanquished.

Grand Total: 672 creatures vanquished

Notes
Turn   | Place    | Note
-------+----------+-------------------------------------------
     0 | D:1      | venomsnake the Minotaur Berserker began the quest for the
                  | Orb.
     0 | D:1      | Reached XP level 1. HP: 19/19 MP: 0/0
   217 | D:1      | Reached XP level 2. HP: 24/27 MP: 1/1
   283 | D:1      | Reached skill level 4 in Fighting
   802 | D:1      | Reached XP level 3. HP: 33/33 MP: 2/2
  1145 | D:1      | Reached ** piety under Trog
  1154 | D:1      | Found a faded altar of an unknown god.
  1598 | D:2      | Noticed Robin
  1628 | D:2      | Reached XP level 4. HP: 39/41 MP: 3/3
  1635 | D:2      | Killed Robin
  1718 | D:2      | Reached skill level 5 in Fighting
  2856 | D:3      | Found a shimmering blue altar of Sif Muna.
  2858 | D:3      | Found a sparkling altar of Nemelex Xobeh.
  2870 | D:3      | Reached XP level 5. HP: 48/48 MP: 4/4
  2870 | D:3      | Found a stormy altar of Qazlal.
  2936 | D:3      | Found a runed translucent door.
  2937 | D:3      | Noticed Crazy Yiuf
  3818 | D:4      | Reached *** piety under Trog
  4208 | D:4      | Reached XP level 6. HP: 52/57 MP: 5/5
  4308 | D:4      | Found a staircase to the Ecumenical Temple.
  4669 | D:4      | Found a glowing golden altar of the Shining One.
  4796 | D:4      | Reached skill level 6 in Fighting
  4796 | D:4      | Reached skill level 5 in Polearms
  4970 | D:5      | Entered Level 5 of the Dungeon
  5124 | D:5      | Noticed Grinder
  5124 | D:5      | Found a bloodstained altar of Trog.
  5131 | D:5      | Paralysed by Grinder for 4 turns
  5140 | D:5      | Killed Grinder
  5141 | D:5      | Reached skill level 7 in Fighting
  5141 | D:5      | Reached XP level 7. HP: 60/66 MP: 6/6
  5203 | D:5      | Reached skill level 5 in Armour
  5269 | D:5      | Found an iron altar of Okawaru.
  5959 | D:5      | Noticed Prince Ribbit
  5980 | D:5      | Killed Prince Ribbit
  5981 | D:5      | Reached skill level 8 in Fighting
  5981 | D:5      | Reached skill level 5 in Dodging
  5981 | D:5      | Reached XP level 8. HP: 72/74 MP: 7/7
  6160 | D:6      | Found a glowing drain.
  6177 | Sewer    | Entered a sewer
  6214 | Sewer    | Reached **** piety under Trog
  6759 | D:6      | Noticed Pikel
  6825 | D:6      | Killed Pikel
  6826 | D:6      | Reached skill level 9 in Fighting
  6826 | D:6      | Reached XP level 9. HP: 61/85 MP: 8/8
  6927 | D:6      | Found a white marble altar of Elyvilon.
  7002 | D:6      | Reached skill level 10 in Fighting
  7349 | D:6      | Reached ***** piety under Trog
  8043 | D:7      | Noticed a six-headed hydra
  8051 | D:7      | Killed a six-headed hydra
  8052 | D:7      | Reached skill level 11 in Fighting
  8181 | D:7      | Found Uthrateps's Magic Scroll Boutique.
  8184 | D:7      | Bought a scroll of identify for 30 gold pieces
  8184 | D:7      | Bought a scroll of teleportation for 45 gold pieces
  8184 | D:7      | Bought a scroll of teleportation for 45 gold pieces
  8444 | D:7      | Found an ancient bone altar of Kikubaaqudgha.
  8598 | D:7      | Found a flagged portal.
  8618 | D:7      | Received a gift from Trog
  8645 | Bailey   | Entered a bailey
  8967 | Bailey   | Reached XP level 10. HP: 86/97 MP: 9/9
  9209 | Bailey   | Found the +12 glaive of Prune {vorpal}
  9248 | Bailey   | Reached skill level 12 in Fighting
 11300 | D:8      | Noticed a two-headed ogre
 11309 | D:8      | Killed a two-headed ogre
 11310 | D:8      | Reached skill level 13 in Fighting
 11632 | D:8      | Noticed a two-headed ogre
 11638 | D:8      | Killed a two-headed ogre
 11888 | D:8      | Reached XP level 11. HP: 101/107 MP: 10/10
 11889 | D:8      | Received a gift from Trog
 11923 | D:8      | Noticed a two-headed ogre
 11932 | D:8      | Killed a two-headed ogre
 12069 | D:8      | Identified the +1 leather armour of Verromem {Str+4 Dex+8
                  | Stlth-}
 12744 | D:9      | Noticed Psyche
 12748 | D:9      | Killed Psyche
 12749 | D:9      | Reached skill level 10 in Armour
 12829 | D:9      | Found Winkelried's Dragon-Slaying Spoils.
 12957 | D:9      | Found a staircase to the Orcish Mines.
 13278 | D:9      | Reached skill level 14 in Fighting
 13713 | D:9      | Reached skill level 10 in Polearms
 14087 | D:10     | Entered Level 10 of the Dungeon
 14186 | D:10     | Noticed a two-headed ogre
 14191 | D:10     | Killed a two-headed ogre
 14442 | D:10     | Noticed an orc sorcerer
 14445 | D:10     | Paralysed by an orc sorcerer for 2 turns
 14448 | D:10     | Killed an orc sorcerer
 14548 | D:10     | Identified the ring "Gutumel" {Fire Dex+2}
 14783 | D:10     | Noticed a deep elf pyromancer
 14788 | D:10     | Killed a deep elf pyromancer
 14789 | D:10     | Reached skill level 15 in Fighting
 14838 | D:10     | Reached skill level 10 in Dodging
 14959 | D:10     | Noticed a five-headed hydra
 14960 | D:10     | Noticed an orc knight
 14960 | D:10     | Noticed a centaur warrior
 14961 | D:10     | Noticed a boulder beetle
 14962 | D:10     | Noticed a fire dragon
 14962 | D:10     | Noticed a wolf spider
 14967 | D:10     | Killed an orc knight
 14968 | D:10     | Reached XP level 12. HP: 63/121 MP: 11/11
 15180 | D:10     | Found a staircase to the Lair.
 15383 | D:10     | Identified the +11 spear of Defiance {drain, Int+2}
 15383 | D:10     | Noticed a centaur warrior
 15388 | D:10     | Killed a centaur warrior
 15493 | D:10     | Killed a fire dragon
 15735 | D:10     | Killed a boulder beetle
 15963 | D:10     | Killed a centaur warrior
 15964 | D:10     | Reached skill level 16 in Fighting
 16270 | D:10     | Killed a ten-headed hydra
 16540 | D:11     | Noticed an eight-headed hydra
 16545 | D:11     | Killed a 12-headed hydra
 16997 | D:11     | Received a gift from Trog
 17012 | D:11     | Noticed a boulder beetle
 17019 | D:11     | Killed a boulder beetle
 17211 | D:11     | Noticed Harold
 17217 | D:11     | Killed Harold
 17447 | D:11     | Paralysed by a hornet for 3 turns
 17848 | Lair:1   | Entered Level 1 of the Lair of Beasts
 17941 | Lair:1   | Noticed an eight-headed hydra
 17955 | Lair:1   | Killed a 12-headed hydra
 18193 | Lair:1   | Reached skill level 17 in Fighting
 18193 | Lair:1   | Reached XP level 13. HP: 108/132 MP: 12/12
 19591 | Lair:2   | Found a runed translucent gate.
 19591 | Lair:2   | Found a runed translucent gate.
 19591 | Lair:2   | Found a runed translucent gate.
 19593 | Lair:2   | Noticed OhDinosaurWizard's ghost (journeyman FoFi)
 19593 | Lair:2   | Noticed PhantomBowie's ghost (adept GrBe)
 19593 | Lair:2   | Noticed Lysca's ghost (journeyman FoSu)
 19701 | Lair:2   | Found a staircase to the Shoals.
 21094 | Lair:3   | Noticed Nergalle
 21095 | Lair:3   | Found a hole to the Spider Nest.
 21109 | Lair:3   | Killed Nergalle
 21734 | Lair:3   | Found a blossoming altar of Fedhas.
 22761 | Lair:4   | Reached skill level 18 in Fighting
 22785 | Lair:4   | Slain by a cane toad

Illustrated notes

Levels and vault maps discovered:
D:1:      amcnicky_arrival_abandoned_market, layout_basic,
          hellmonk_ecumenical_altar_leap_of_faith, minmay_hexomino_p4
D:2:      layout_loops_corners, minmay_fractal_squares_gapless_5, uniq_robin
D:3:      layout_loops_ring, grunt_temple_overflow_open, serial_forest,
          infiniplex_forest_clump_tiny, infiniplex_forest_lined_2,
          infiniplex_forest_zigzag_2, infiniplex_forest_corner_1,
          infiniplex_forest_straight_1, infiniplex_forest_end_1,
          infiniplex_forest_fountain, infiniplex_forest_clump_medium,
          chequers_hall_statues_y, uniq_crazy_yiuf_cottage
D:4:      layout_basic, mainiacjoe_overflow_six_doors_small,
          minmay_temple_entry_large_hall, kennysheep_generic_room_4
D:5:      cheibrodos_thug_alley, layout_cave_pools, bloody_trog,
          general_overflow_altar, nicolae_ossuary_entry_plus,
          due_unseen_surprise, uniq_grinder, uniq_prince_ribbit1
D:6:      layout_loops_ring, elyvilon_altar_1, portal_sewer_entry_f,
          lightli_minifort, uniq_pikel
D:7:      layout_layer_cave, kiku_gazebo_pond_becter, serial_demonic,
          serial_demonic_b, serial_demonic_c, serial_demonic_a,
          serial_demonic_c, serial_demonic_f, serial_demonic_a, serial_shops,
          kennysheep_mini_moat, enter_bailey_4
D:8:      layout_loops_corners, serial_glass, glass_columns_a, glass_columns_a
D:9:      minmay_polygon_palace, layout_small_grid, orc_0_dummy,
          ebering_dispersal_statue_hall, nicolae_shop_dragon_depot,
          dreamdust_princess_bridge, uniq_psyche
D:10:     minmay_the_grid_4x2 [minmay_the_grid_slots, minmay_the_grid_paths,
          minmay_the_grid_x, minmay_the_grid_dragon_b,
          minmay_the_grid_spin_star, minmay_the_grid_tri_star,
          minmay_the_grid_doors, minmay_the_grid_prize_inner_circle],
          layout_basic, david_lair_shrubbed, special_room [special_room_orc]
D:11:     layout_irregular_city, gauntlet_entry_generic,
          hangedman_decor_peaks_small, uniq_harold
Lair:1:   layout_long_grid, infiniplex_staircase_pool_2
Lair:2:   layout_cave_pods, minmay_shoals_entry_hut, gammafunk_ghost_cemetery
Lair:3:   minmay_lair_venomous_thicket, layout_gridlike,
          hellmonk_spider_entry_life_and_decay, nicolae_volcano_entry_hallway,
          tgw_fedhas, uniq_nergalle
Lair:4:   layout_regular_city, ebering_ghost_rock_garden, serial_bayou_pond_e,
          serial_bayou_shore_a

Skill      XL: |  1  2  3  4  5  6  7  8  9 10 11 12 13 |
---------------+----------------------------------------+-----
Fighting       | 4 5 7 8 9 11 13 15 17 18 | 18.0
Polearms       | 4 5 6 7 9 10 12 | 12.8
Armour         | 3 4 5 6 8 9 11 12 13 | 13.0
Dodging        | 3 4 5 6 7 8 10 11 12 | 12.0

Action                   |  1- 3 |  4- 6 |  7- 9 | 10-12 | 13-15 || total
-------------------------+-------+-------+-------+-------+-------++-------
Melee: Spear             |   122 |   227 |   338 |   170 |       ||   857
       Headbutt          |     6 |    33 |    48 |    45 |    18 ||   150
       Punch             |     2 |     1 |     1 |     1 |       ||     5
       Broad axe         |       |       |    59 |       |       ||    59
       Glaive            |       |       |       |   311 |   139 ||   450
Throw: Dart              |       |     4 |       |     9 |       ||    13
Invok: Berserk           |       |       |     1 |     1 |     1 ||     3
       Brothers in Arms  |       |       |       |     1 |     1 ||     2
Evoke: Wand              |       |       |     1 |       |       ||     1
  Use: Potion            |       |     2 |       |     3 |       ||     5
       Scroll            |       |     1 |    11 |     1 |     1 ||    14
 Stab: Sleeping          |     1 |     1 |       |       |       ||     2
       Distracted        |       |       |       |     1 |       ||     1
Armor: Animal skin       |    23 |     7 |       |       |       ||    30
       Leather armour    |       |    18 |       |       |       ||    18
       Chain mail        |       |    35 |   239 |   213 |    83 ||   570
Dodge: Dodged            |    51 |    82 |   218 |   251 |   107 ||   709
